 Dungeon Crawl Stone Soup version 0.20.1-1-g8b1a95d66d (webtiles) character file.

79 4FPSwarrior the Skirmisher (level 4, -4/35 HPs)
             Began as a Demonspawn Abyssal Knight on Nov 19, 2017.
             Was a Follower of Lugonu.
             Slain by a gnoll
             ... wielding a +0 halberd
              (9 damage)
             ... on level 3 of the Dungeon.
             The game lasted 00:12:19 (2730 turns).

4FPSwarrior the Skirmisher (DsAK)                   Turns: 2730, Time: 00:12:20

Health: -4/35      AC:  6    Str: 13    XL:     4   Next: 16%
Magic:  4/5        EV: 11    Int: 13    God:    Lugonu [*.....]
Gold:   70         SH:  0    Dex: 13    Spells: 2/3 levels left

rFire    . . .     SeeInvis .   p - +1 dagger (flame)
rCold    . . .     Gourm    .   (no shield)
rNeg     . . .     Faith    .   b - +0 leather armour
rPois    .         Spirit   .   (no helmet)
rElec    .         Reflect  .   (no cloak)
rCorr    .         Harm     .   (no gloves)
MR       .....                  (no boots)
Stlth    +.........             (no amulet)
Regen    0.2/turn               g - +3 ring of protection
MPRegen  0.1/turn               (no ring)

@: no status effects
A: claws 1, sturdy frame 1
a: Depart the Abyss, Renounce Religion


You were on level 3 of the Dungeon.
You worshipped Lugonu.
Lugonu was aware of your devotion.
You were not hungry.

You visited 1 branch of the dungeon, and saw 3 of its levels.
You visited the Abyss 1 time.

You collected 70 gold pieces.

Inventory:

Hand Weapons
 a - a +1 mace
 n - a +0 rapier
 o - a +0 dagger of pain
 p - a +1 dagger of flaming (weapon)
Missiles
 m - 24 stones (quivered)
Armour
 b - a +0 leather armour (worn)
Jewellery
 g - a +3 ring of protection (left claw)
Scrolls
 j - a scroll of immolation {unknown}
 k - a scroll of remove curse {unknown}
Potions
 d - 3 potions of curing
 e - 2 potions of might {unknown}
 f - a potion of invisibility {unknown}
 i - a potion of brilliance {unknown}
 q - a potion of heal wounds {unknown}
Books
 l - a book of Minor Magic

   Spells                             Type                      Level
   a - Magic Dart                     Conjuration                  1
   b - Blink                          Translocation                2
   c - Call Imp                       Summoning                    2
   d - Slow                           Hexes                        2
   e - Conjure Flame                  Conjuration/Fire             3
   f - Mephitic Cloud                 Conjuration/Poison/Air       3
Comestibles
 c - a bread ration
 h - 3 chunks of flesh


   Skills:
 + Level 3.4 Fighting
 + Level 2.5 Maces & Flails
 + Level 2.5 Armour
 + Level 1.1 Dodging
 + Level 1.2 Stealth
 + Level 0.3 Spellcasting
 + Level 0.2 Conjurations
 + Level 2.5 Invocations


You had 2 spell levels left.
You knew the following spells:

 Your Spells              Type           Power        Failure   Level  Hunger
a - Magic Dart            Conj           #...         28%         1    ##.....


Dungeon Overview and Level Annotations

Branches:
Dungeon (3/15)

Altars:

Annotations:
D:3 Sigmund; koes007's ghost, amateur GrBe


Innate Abilities, Weirdness & Mutations

You have sharp fingernails.
Your movements are slightly less encumbered by armour. (ER -2)


Message History

You kill the gnoll!
Lugonu accepts your kill. The gnoll closely misses you.
A kobold comes into view.
The kobold shouts!
The gnoll hits you with a spear.
* * * LOW HITPOINT WARNING * * *
Things that are here:
a club; a gnoll corpse The gnoll closely misses you.
Your magical contamination has completely faded away.
A gnoll comes into view.
The gnoll shouts! x2
Found 9 gold pieces.
The gnoll closely misses you. The gnoll hits you.
* * * LOW HITPOINT WARNING * * *
There is a stone staircase leading up here.
The gnoll hits you from afar with a halberd!
You die...

### .# #..... #.##.#
#.##.# #.##.# #.#
#.##.# ...
#######.##.###..#
#........@..#...#
#.#####.##..#.$.#####
#.# #.##gg#........
#.# #.##.g.......#
#.# #.##..K......#
#.#####.##.........#
#.......###.#...####
#..###### #.#...#####
#.)# #.#........ ...#


You could see 3 gnolls and a kobold.

Vanquished Creatures
  A gnoll (D:3)
  An adder (D:3)
  An adder skeleton (D:3)
  A worm (D:2)
  3 leopard geckos
  A giant cockroach (D:3)
  7 hobgoblins
  4 jackals
  4 kobolds
  6 bats
  4 frilled lizards
  9 goblins
  8 rats
50 creatures vanquished.

Notes
Turn   | Place    | Note
-------+----------+-------------------------------------------
     0 | Abyss:1  | 4FPSwarrior the Demonspawn Abyssal Knight began the quest for the Orb.
     0 | Abyss:1  | Reached XP level 1. HP: 18/18 MP: 2/2
    35 | Abyss:1  | Noticed a chaos spawn
    41 | Abyss:1  | Noticed an efreet
    79 | Abyss:1  | Noticed a starcursed mass
    82 | Abyss:1  | Noticed a guardian serpent
    82 | D:1      | Escaped the Abyss
   664 | D:1      | Gained mutation: Your movements are slightly less encumbered by armour. (ER -2) [demonic ancestry]
   664 | D:1      | Reached XP level 2. HP: 24/24 MP: 3/3
   735 | D:1      | Reached * piety under Lugonu
  1305 | D:2      | Reached XP level 3. HP: 22/29 MP: 4/4
  1984 | D:2      | Learned a level 1 spell: Magic Dart
  2364 | D:3      | Reached skill level 1 in Dodging
  2364 | D:3      | Reached skill level 1 in Stealth
  2501 | D:3      | Noticed Sigmund
  2560 | D:3      | Noticed koes007's ghost (amateur GrBe)
  2640 | D:3      | Gained mutation: You have sharp fingernails. [demonic ancestry]
  2640 | D:3      | Reached XP level 4. HP: 35/35 MP: 1/5
  2730 | D:3      | Slain by a gnoll

Skill      XL: |  1  2  3 |
---------------+----------+-----
Armour         | 2 |  2.5
Maces & Flails | 2 |  2.5
Dodging        | 1 |  1.1
Stealth        | 1 |  1.2
Fighting       | |  3.4
Spellcasting   | |  0.3
Conjurations   | |  0.2
Invocations    | |  2.5

Action                   |  1- 3 |  4- 6 || total
-------------------------+-------+-------++-------
Melee: Mace              |   117 |       ||   117
       Dagger            |    24 |    10 ||    34
 Cast: Magic Dart        |    14 |     4 ||    18
Invok: Depart the Abyss  |     1 |       ||     1
  Use: Scroll            |     2 |       ||     2
 Stab: Sleeping          |     2 |       ||     2
  Eat: Chunk             |     6 |     1 ||     7
Armor: Leather armour    |    54 |     3 ||    57
Dodge: Dodged            |   101 |     8 ||   109
